 Dungeon Crawl Stone Soup version 0.24.0-13-gcf9b319 (webtiles) character file.

Game seed: 4803182380490742907, levelgen mode: deterministic

6232 Fortress the Blocker (level 10, -10/96 HPs)
             Began as a Deep Dwarf Fighter on Jan 29, 2020.
             Was a Believer of Makhleb.
             Engulfed by a steam dragon's steam (14 damage)
             ... on level 10 of the Dungeon.
             The game lasted 00:48:39 (7194 turns).

Fortress the Blocker (Deep Dwarf Fighter)           Turns: 7194, Time: 00:48:40

Health: -10/96     AC: 15    Str: 24    XL:     10   Next: 61%
Magic:  9/9        EV:  7    Int:  8    God:    Makhleb [**....]
Gold:   462        SH: 13    Dex: 12    Spells: 9/9 levels left

rFire    . . .     SeeInvis .   p - +2 trident (venom)
rCold    . . .     Gourm    +   c - +1 shield
rNeg     . . .     Faith    .   y - +0 chain mail
rPois    .         Spirit   .   q - +0 helmet
rElec    .         Reflect  .   O - scarf {repulsion}
rCorr    +         Harm     .   t - +0 pair of gloves
MR       +....                  M - +0 pair of boots
Stlth    ..........             F - amulet of the gourmand
HPRegen  0.00/turn              C - ring of flight
MPRegen  0.11/turn              N - ring of resist corrosion

@: about to teleport, non-regenerating, slowed, repel missiles, very slow
A: damage resistance, heal wounds, sense surroundings 2, no regeneration
a: Heal Wounds, Minor Destruction, Renounce Religion, Evoke Flight


You were on level 10 of the Dungeon.
You worshipped Makhleb.
Makhleb was pleased with you.
You were not hungry.

You visited 2 branches of the dungeon, and saw 11 of its levels.
You also visited: Sewer.

You collected 497 gold pieces.
You spent 35 gold pieces at shops.

Inventory:

Hand Weapons
 p - a +2 trident of venom (weapon)
 D - a +1 long sword of slicing
 G - a +4 antimagic falchion
 J - the +1 mace of Guile {crush, Dex+2}
   (You found it on level 6 of the Dungeon)

   It inflicts extra damage upon your enemies.
   It affects your dexterity (+2).
Missiles
 i - 43 poisoned darts (quivered)
Armour
 c - a +1 shield (worn)
 q - a +0 helmet (worn)
 t - a +0 pair of gloves (worn)
 y - a +0 chain mail (worn)
 I - a +0 cloak
 L - the +1 leather armour of the Duchess {MR- Str+8}
   (You found it on level 7 of the Dungeon)

   It affects your strength (+8).
   It affects your resistance to hostile enchantments.
 M - a +0 pair of boots (worn)
 O - a scarf of repulsion (worn)
Jewellery
 C - a ring of flight (left hand)
 F - an amulet of the gourmand (around neck)
 N - a ring of resist corrosion (right hand)
Wands
 o - a wand of flame (3)
Scrolls
 h - 2 scrolls of enchant armour
 k - 3 scrolls of identify
 m - 6 scrolls of remove curse
 n - a scroll of fear {unknown}
 s - 9 scrolls of teleportation
 v - 4 scrolls of amnesia {unknown}
 z - 3 scrolls of magic mapping
 A - a scroll of fog
 E - 3 scrolls of immolation {unknown}
 H - a scroll of vulnerability {unknown}
 K - a scroll of blinking {unknown}
Potions
 a - 2 potions of agility
 b - 2 potions of lignification {unknown}
 d - 4 potions of might
 e - 3 potions of curing
 g - 2 potions of heal wounds {unknown}
 j - 3 potions of haste
 l - 2 potions of mutation {unknown}
 r - 5 potions of cancellation
 u - a potion of flight {unknown}
 w - a potion of ambrosia {unknown}
 x - 2 potions of degeneration {unknown}
 B - a potion of brilliance {unknown}
Comestibles
 f - 14 rations


   Skills:
 + Level 8.2 Fighting
   Level 4.0(6.0) Axes
 - Level 6.2(6.7) Maces & Flails
 - Level 8.3 Armour
 - Level 9.0 Shields
 * Level 7.4 Invocations


You had 9 spell levels left.
You didn't know any spells.
Your spell library contained the following spells:

 Spells                   Type           Power        Failure   Level  Hunger
 Sting                    Conj/Pois      #...         99%         1    ##.....
 Poisonous Vapours        Pois/Air       #.....       100%        2    ###....
 Conjure Flame            Conj/Fire      #.......     100%        3    ####...
 Mephitic Cloud           Conj/Pois/Air  #.......     100%        3    ####...
 Olgreb's Toxic Radiance  Pois           #.......     100%        4    #####..
 Venom Bolt               Conj/Pois      #.........   100%        5    ######.
 Freezing Cloud           Conj/Ice/Air   #.........   100%        6    #######
 Ring of Flames           Chrm/Fire      #.........   100%        7    #######


Dungeon Overview and Level Annotations

Branches:
Dungeon (10/15)            Temple (1/1) D:6            Lair (0/6) D:8
  Sewer (visited)
    Orc: D:9-12

Altars:
Ashenzari
Cheibriados
Dithmenos
Elyvilon
Fedhas
Gozag
Hepliaklqana
Kikubaaqudgha
Makhleb
Nemelex Xobeh
Okawaru
Qazlal
Ru
Sif Muna
Trog
Uskayaw
Vehumet
Wu Jian
Xom
Yredelemnul
Zin
The Shining One

Shops:
D:4 *   D:6 *   D:7 %


Innate Abilities, Weirdness & Mutations

You are resistant to damage.
You can heal yourself by infusing magical energy.
You passively map the area around you.
You do not regenerate.


Message History

* * * LOW HITPOINT WARNING * * *
The wraith drains your vigour!
You feel yourself slow down. The steam dragon breathes steam at you.
The ball of steam hits you!
* * * LOW HITPOINT WARNING * * *
The wraith hits you but does no damage.
As you read the scroll of teleportation, it crumbles to dust.
You feel strangely unstable.
You are engulfed in a cloud of scalding steam.
Something hits you but does no damage. The steam dragon bites you.
* * * LOW HITPOINT WARNING * * *
The steam dragon claws you but does no damage.
The wraith hits you.
* * * LOW HITPOINT WARNING * * *
The wraith drains your vigour!
You feel as though you will be slow longer.
Something hits you but does no damage.
You fail to use your ability.
You are engulfed in a cloud of scalding steam.
You die...

##..##.....##.#....#. #...
##..##....#.##......##.#..
##...##...#.#..........#.#.
#.........##............##.
#.....##.#................#
##.....#...................
##......)...†.............
#..#...D..§..........>...
##..##..W@§§)....###......
#..###..)..§§.#### ####...
#### #..##§...## ####
##..#§§§..# #..#...§.#
##.......# #..#....#
#..##...# ##..##..#


You could see a wraith and a steam dragon.

Vanquished Creatures
  2 two-headed ogres (D:8)
  A komodo dragon (D:8)
  Prince Ribbit (D:6)
  A hornet (D:8)
  3 hippogriffs
  A wyvern (D:8)
  Eustachio (D:4)
  A hungry ghost (D:9)
  2 soldier ants (D:8)
  3 orc warriors
  A black bear (D:8)
  3 phantoms
  A necrophage (D:10)
  5 ogres
  3 centaurs
  3 big kobolds
  5 bullfrogs
  A water moccasin skeleton (D:4)
  3 scorpions
  3 wights (D:4)
  4 crimson imps
  A howler monkey (D:7)
  A bullfrog zombie (D:5)
  Crazy Yiuf (D:6)
  2 hounds
  A jelly (D:7)
  4 orc priests
  A centaur skeleton (D:8)
  A bullfrog skeleton (D:6)
  An iguana (D:7)
  3 orc wizards
  3 worker ants
  2 killer bee zombies (D:7)
  Robin (D:2)
  A howler monkey zombie (D:5)
  14 adders
  A river rat (Sewer)
  An ooze (Sewer)
  An adder skeleton (D:5)
  2 worms
  A dart slug (D:2)
  2 leopard geckos
  24 orcs
  8 bats
  5 giant cockroaches
  17 goblins
  8 hobgoblins
  2 jackals (D:1)
  4 quokkas
  2 ball pythons
  7 frilled lizards
  23 kobolds
  A quokka zombie (D:5)
  11 rats
  A bush (D:6)
  A plant (D:8)
207 creatures vanquished.

Vanquished Creatures (others)
  A plant (D:8)
1 creature vanquished.

Grand Total: 208 creatures vanquished

Notes
Turn   | Place    | Note
-------+----------+-------------------------------------------
     0 | D:1      | Fortress the Deep Dwarf Fighter began the quest for the
                  | Orb.
     0 | D:1      | Reached XP level 1. HP: 20/20 MP: 1/1
    95 | D:1      | Reached XP level 2. HP: 22/27 MP: 2/2
   587 | D:2      | Reached XP level 3. HP: 23/33 MP: 3/3
   615 | D:2      | Found an opulent altar of Gozag.
   616 | D:2      | Found a glowing silver altar of Zin.
   678 | D:2      | Noticed Robin
   709 | D:2      | Killed Robin
   709 | D:2      | Reached skill level 4 in Shields
   810 | D:2      | Reached XP level 4. HP: 38/42 MP: 4/4
  1363 | D:3      | Found a shadowy altar of Dithmenos.
  1513 | D:3      | Reached XP level 5. HP: 39/49 MP: 5/5
  1524 | D:3      | Found a blossoming altar of Fedhas.
  1525 | D:3      | Found a hazy altar of Hepliaklqana.
  1525 | D:3      | Found a shimmering altar of Xom.
  1527 | D:3      | Found a shattered altar of Ashenzari.
  1527 | D:3      | Found a basalt altar of Yredelemnul.
  1537 | D:3      | Found an ornate altar of the Wu Jian Council.
  1538 | D:3      | Found a shimmering blue altar of Sif Muna.
  1788 | D:4      | Noticed Eustachio
  1799 | D:4      | Killed Eustachio
  1799 | D:4      | Reached XP level 6. HP: 34/57 MP: 6/6
  1800 | D:4      | Reached skill level 5 in Shields
  1838 | D:4      | Found Ojecysi's General Store.
  1882 | D:4      | Bought a cursed +0 pair of gloves for 15 gold pieces
  1882 | D:4      | Bought a scroll of identify for 20 gold pieces
  1957 | D:4      | Reached skill level 5 in Armour
  2060 | D:4      | Reached XP level 7. HP: 29/64 MP: 5/5
  2069 | D:4      | Reached skill level 6 in Shields
  2152 | D:4      | Found a glowing drain.
  2157 | Sewer    | Entered a sewer
  2628 | D:5      | Entered Level 5 of the Dungeon
  2789 | D:5      | Reached skill level 7 in Shields
  2789 | D:5      | Reached XP level 8. HP: 51/73 MP: 5/5
  3353 | D:6      | Reached skill level 5 in Fighting
  3471 | D:6      | Reached skill level 8 in Shields
  3518 | D:6      | Found a staircase to the Ecumenical Temple.
  3543 | Temple   | Entered the Ecumenical Temple
  3565 | Temple   | Became a worshipper of Makhleb the Destroyer
  3862 | D:6      | Noticed Prince Ribbit
  3876 | D:6      | Killed Prince Ribbit
  3933 | D:6      | Found Siuttor's Elemental Accessories.
  4336 | D:6      | Found a runed translucent door.
  4337 | D:6      | Noticed Crazy Yiuf
  4344 | D:6      | Killed Crazy Yiuf
  4354 | D:6      | Got a crude mace
  4355 | D:6      | Identified the cursed +1 mace of Guile {crush, Dex+2} (You
                  | found it on level 6 of the Dungeon)
  4403 | D:7      | Gained mutation: You passively map the area around you.
                  | [Deep Dwarf growth]
  4403 | D:7      | Reached XP level 9. HP: 54/82 MP: 5/5
  4543 | D:7      | Reached skill level 1 in Maces & Flails
  4727 | D:7      | Got a dazzling leather armour
  4738 | D:7      | Identified the +1 leather armour of the Duchess {MR- Str+8}
                  | (You found it on level 7 of the Dungeon)
  4929 | D:7      | Reached skill level 9 in Shields
  5197 | D:7      | Reached skill level 1 in Invocations
  5317 | D:7      | Found Ciamev's Food Shop.
  5660 | D:8      | Noticed a two-headed ogre
  5680 | D:8      | Killed a two-headed ogre
  5762 | D:8      | Reached skill level 5 in Maces & Flails
  5768 | D:8      | Reached * piety under Makhleb
  5843 | D:8      | Found a staircase to the Lair.
  5844 | D:8      | Noticed a komodo dragon
  5882 | D:8      | Killed a komodo dragon
  5984 | D:8      | Reached XP level 10. HP: 69/92 MP: 8/8
  6089 | D:8      | Noticed a two-headed ogre
  6111 | D:8      | Killed a two-headed ogre
  6111 | D:8      | Reached skill level 5 in Invocations
  6832 | D:9      | Found an iron altar of Okawaru.
  7027 | D:9      | Found a burning altar of Makhleb.
  7029 | D:9      | Noticed a green death
  7032 | D:9      | Noticed an orange demon
  7032 | D:9      | Noticed a smoke demon
  7057 | D:10     | Entered Level 10 of the Dungeon
  7190 | D:10     | Reached ** piety under Makhleb
  7193 | D:10     | HP: 4/96 [wraith (3)]
  7194 | D:10     | Engulfed by a steam dragon's steam

Levels and vault maps discovered:
D:1:      dpeg_arrival_shelter, layout_basic
D:2:      layout_basic, grunt_temple_overflow_gold_and_silver, uniq_robin
D:3:      layout_rooms, grunt_temple_overflow_open, first_ration
D:4:      layout_basic, portal_sewer_entry_e, serial_shops, shop, uniq_eustachio
D:5:      layout_loops_cross, corexii_corridor_pit
D:6:      layout_basic, minmay_temple_entry_large_hall, nicolae_elemental_shop,
          ebering_dispersal_statue_hall, kennysheep_cluttered_room,
          uniq_prince_ribbit1, uniq_crazy_yiuf_cottage
D:7:      mumra_celtic_spiral_tile, layout_basic, serial_shops,
          kennysheep_little_box
D:8:      layout_basic, david_lair_shrubbed, hangedman_pestilent_swarm
D:9:      layout_cave_pools, basic_altar, makhleb_altar_promises_db
D:10:     layout_cave_pods, david_orc_3, minmay_misc_feat_secret_circle,
          kennysheep_big_empty_room
Temple:   minmay_temple_bridge_abc

Skill      XL: |  1  2  3  4  5  6  7  8  9 10 |
---------------+-------------------------------+-----
Fighting       | 3 4 5 6 8 |  8.2
Axes           | 3 4 |  4.0
Shields        | 4 5 7 8 9 |  9.0
Armour         | 4 5 6 8 |  8.3
Maces & Flails | 6 |  6.2
Invocations    | 4 7 |  7.4

Action                   |  1- 3 |  4- 6 |  7- 9 | 10-12 || total
-------------------------+-------+-------+-------+-------++-------
Melee: War axe           |   116 |       |       |       ||   116
       Trident           |     9 |   180 |   316 |   134 ||   639
       Mace              |       |       |   176 |    54 ||   230
Throw: Dart              |     6 |       |     9 |     4 ||    19
 Abil: Heal Wounds       |     3 |     4 |    21 |     3 ||    31
  Use: Scroll            |       |     6 |     3 |     3 ||    12
       Potion            |       |       |       |     3 ||     3
  Eat: Chunk             |       |     4 |    11 |     5 ||    20
       Ration            |       |       |     1 |     2 ||     3
Armor: Scale mail        |    66 |    40 |       |       ||   106
       Chain mail        |       |    47 |   182 |   107 ||   336
Dodge: Dodged            |    49 |    45 |    91 |    56 ||   241
       Deflected         |       |       |       |     1 ||     1
Block: Shield            |    95 |   129 |   273 |   136 ||   633
